Map: Frozen Temple

Players

soul

  • Race: Terran Terran
  • League: Grandmaster

LiquidTLO (TLO) - Winner!

  • Race: Zerg Zerg
  • League: Grandmaster

VOD

Have the link to the VOD?

Description

Time

  • Played on: July 4, 2016, 2:04 p.m.
  • Length: 7:28
Show
View Real Time Build Order
Export as new Build Order

soul Terran 

Build Orders: Hellion Banshee 

Get SALT Encoding   

  12  0:00  SCV  
  13  0:13  SCV  
  14  0:17  Supply Depot  
  14  0:25  SCV  
  15  0:39  SCV  
  15  0:40  Barracks  
  16  0:45  Refinery  
  16  0:52  SCV  
  18  1:04  SCV  
  18  1:18  SCV  
  19  1:30  Orbital Command  
  19  1:32  Barracks Reactor  
  19  1:41  Command Center  
  19  1:51  Supply Depot  
  19  1:56  SCV  
  20  2:08  Marine x2  
  21  2:09  Factory  
  21  2:12  SCV  
  23  2:19  Refinery  
  23  2:24  SCV  
  23  2:26  Marine x2  
  26  2:36  SCV  
  27  2:45  Marine x2  
  27  2:48  SCV  
  30  2:53  Orbital Command  
  30  2:57  Starport  
  30  3:01  SCV  
  31  3:10  Hellion x2  
  35  3:13  Marine  
  37  3:22  Supply Depot  
  38  3:34  Hellion, Armory  
  38  3:36  Hellion  
  38  3:39  Medivac  
  42  3:43  SCV x2  
  42  3:56  Hellion  
  42  3:57  Hellion  
  42  4:02  Barracks Tech Lab  
  44  4:04  SCV x2  
  44  4:06  Supply Depot  
  46  4:16  SCV  
  47  4:20  Hellion x2  
  54  4:28  Bunker  
  54  4:31  Supply Depot, Cloaking Field  
  53  4:32  Banshee  
  53  4:36  SCV  
  55  4:41  SCV  
  56  4:48  SCV  
  53  4:53  SCV  
  53  4:54  Hellion x2  
  53  4:56  Hellion x6, Barracks Tech Lab  
  58  5:00  SCV  
  58  5:05  SCV  
  60  5:10  Supply Depot  
  60  5:12  SCV  
  61  5:15  Hellion x2  
  61  5:17  SCV  
  61  5:18  Marine, Stimpack  
  61  5:19  Banshee  
  70  5:23  Supply Depot  
  70  5:31  SCV  
  70  5:34  Supply Depot  
  71  5:39  Hellion x2  
  75  5:44  SCV  
  76  5:50  Refinery  
  76  5:51  Refinery  
  71  5:57  SCV  
  71  6:00  Hellion x2  
  71  6:02  SCV, Banshee  
  74  6:12  Bunker x2  
  72  6:21  Hellion  
  72  6:23  Marauder  
  72  6:25  Bunker  
  76  6:28  Supply Depot  
  76  6:39  SCV  
  74  6:41  SCV  
  74  6:43  Marine  
  74  6:45  Banshee  
  68  6:51  SCV  
  68  6:53  SCV  
  44  7:01  Marine  
  44  7:02  Hellion x2  
  44  7:03  SCV  
  44  7:05  SCV  
  49  7:15  SCV  
Show
View Real Time Build Order
Export as new Build Order

LiquidTLO Zerg - Winner!

Build Orders: Hatch First 

Get SALT Encoding   

  12  0:01  Drone  
  13  0:13  Overlord  
  13  0:18  Drone  
  14  0:31  Drone x2  
  16  0:38  Drone  
  17  0:52  Hatchery  
  17  0:54  Drone  
  17  1:02  Drone  
  18  1:04  Extractor  
  17  1:14  Spawning Pool  
  17  1:16  Drone  
  17  1:20  Drone  
  18  1:28  Drone  
  19  1:39  Overlord  
  19  2:00  Zergling x2  
  20  2:01  Queen  
  20  2:02  Drone  
  20  2:04  Metabolic Boost  
  20  2:06  Queen  
  25  2:11  Drone  
  25  2:12  Drone  
  25  2:14  Drone  
  28  2:22  Drone  
  29  2:29  Drone  
  30  2:33  Drone  
  30  2:36  Drone  
  32  2:40  Hatchery  
  31  2:46  Queen  
  33  2:51  Overlord  
  33  3:00  Zergling x4  
  35  3:09  Queen  
  35  3:11  Overlord  
  37  3:13  Zergling x6  
  37  3:15  Zergling x4  
  42  3:22  Zergling x2  
  42  3:23  Zergling x2  
  44  3:34  Drone  
  45  3:41  Overlord  
  45  3:42  Queen, Drone  
  48  3:53  Drone x2  
  48  3:54  Drone  
  45  3:55  Drone  
  45  3:56  Queen  
  45  3:59  Queen  
  45  4:01  Drone  
  48  4:08  Drone  
  48  4:09  Roach Warren, Drone  
  49  4:11  Zergling x2  
  50  4:18  Queen  
  51  4:25  Zergling x4  
  51  4:26  Drone x3  
  51  4:27  Extractor  
  51  4:28  Zergling x2  
  56  4:34  Pneumatized Carapace  
  56  4:37  Zergling x4  
  57  4:39  Zergling x2  
  57  4:40  Zergling x2  
  57  4:44  Zergling x2  
  57  4:45  Zergling x2  
  61  4:47  Zergling x2  
  61  4:49  Zergling x2  
  61  4:57  Drone  
  62  5:00  Drone, Evolution Chamber  
  62  5:04  Roach x2  
  62  5:05  Overlord  
  66  5:11  Overlord  
  66  5:17  Overlord  
  66  5:20  Overlord  
  66  5:27  Roach  
  66  5:28  Roach x2  
  72  5:29  Zergling x4  
  72  5:32  Roach  
  76  5:38  Roach  
  76  5:42  Roach  
  80  5:45  Roach  
  80  5:48  Zergling x2  
  81  5:50  Roach  
  81  5:56  Spore Crawler  
  81  5:57  Roach, Spore Crawler  
  80  5:59  Roach  
  80  6:03  Zergling x2  
  80  6:04  Zergling x2  
  81  6:08  Zergling x4  
  81  6:11  Zergling x2  
  81  6:13  Zergling x2  
  81  6:15  Zergling x2  
  81  6:16  Zergling x2  
  84  6:21  Queen  
  84  6:23  Zergling x2  
  87  6:39  Zergling x2  
  87  6:41  Zergling x4  
  87  6:42  Zergling x4  
  87  6:44  Zergling x4  
  87  6:45  Zergling x2  
  81  6:54  Roach  
  81  6:57  Zergling x2  
  81  6:58  Roach x2  
  81  7:00  Roach  
  86  7:01  Zergling x2  
  86  7:06  Zergling x2  
  85  7:10  Zergling x2  
Tags
 
Add a new tag
Caveats
  • Supply blocks, unpowered buildings, or Contaminate may cause inaccurate times.
  • Supply counts are checked every 10 seconds.